 Dungeon Crawl Stone Soup version 0.29.1-1-gd02db69 (webtiles) character file.

Game seed: 8108163004309187820

5324 Dorkslayer the Carver (level 10, 0/64 HPs)
             Began as a Gargoyle Fighter on Oct 26, 2022.
             Was an Initiate of Gozag.
             Slain by a wyvern (2 damage)
             ... on level 9 of the Dungeon.
             The game lasted 00:21:37 (11170 turns).

Dorkslayer the Carver (Gargoyle Fighter)           Turns: 11170, Time: 00:21:38

Health: 0/64       AC: 23    Str: 20    XL:     10   Next: 64%
Magic:  10/10      EV:  8    Int:  9    God:    Gozag
Gold:   687        SH:  0    Dex: 13    Spells: 9/9 levels left

rFire   . . .      SeeInvis +   A - +1 long sword
rCold   . . .      Faith    .   c - +0 buckler
rNeg    + . .      Spirit   .   q - +0 chain mail
rPois   ∞          Reflect  .   t - +2 helmet
rElec   +          Harm     .   y - +0 cloak
rCorr   .          Rampage  .   (no gloves)
Will    +....                   z - +0 pair of boots
Stlth   ..........              D - amulet of the acrobat
HPRegen 0.20/turn               l - ring of willpower
MPRegen 0.12/turn               B - ring of see invisible

@: confused, ambrosia-drunk, studying Long Blades
A: sickness immunity, AC +7, negative energy resistance 1, electricity
resistance, torment resistance 1, petrification resistance
a: Renounce Religion, Potion Petition, Call Merchant, Bribe Branch


You were on level 9 of the Dungeon.
You worshipped Gozag.
Gozag was pleased with you.
You visited 2 branches of the dungeon, and saw 10 of its levels.

You collected 794 gold pieces.
You spent 24 gold pieces at shops.
You paid 83 gold pieces to Gozag.

Inventory:

Hand Weapons
 a - a +0 long sword
 j - a +1 falchion of holy wrath
 n - a +0 scimitar
 A - a +1 long sword (weapon)
Armour
 c - a +0 buckler (worn)
 q - a +0 chain mail (worn)
 t - a +2 helmet (worn)
 y - a +0 cloak (worn)
 z - a +0 pair of boots (worn)
 G - a +0 tower shield
Jewellery
 l - a ring of willpower (left hand)
 B - a ring of see invisible (right hand)
 D - an amulet of the acrobat (around neck)
Wands
 d - a wand of polymorph (5)
 s - a wand of roots (11)
Scrolls
 e - 2 scrolls of teleportation
 g - a scroll of silence
 i - 2 scrolls of fog
 m - a scroll of brand weapon {unknown}
 o - 2 scrolls of fear
 u - a scroll of summoning {unknown}
 v - 3 scrolls of immolation
 w - 2 scrolls of blinking
 x - a scroll of amnesia {unknown}
 F - a scroll of torment {unknown}
Potions
 f - 3 potions of flight
 h - 4 potions of mutation
 p - 2 potions of cancellation
 r - a potion of brilliance {unknown}
 C - a potion of magic


   Skills:
 * Level 7.8 Fighting
 * Level 8.9 Long Blades
 + Level 3.5 Throwing
 + Level 7.5 Armour
 + Level 2.3 Dodging
 + Level 0.5 Stealth
 + Level 6.3 Shields
 * Level 4.9 Evocations


You had 9 spell levels left.
You didn't know any spells.
Your spell library contained the following spells:

 Spells                   Type           Power      Damage    Failure   Level
 Foxfire                  Conj/Fire      0%         2x1d4     99%         1
 Summon Small Mammal      Summ           0%         N/A       99%         1
 Call Canine Familiar     Summ           0%         N/A       100%        3
 Conjure Flame            Conj/Fire      0%         6-21      100%        3
 Dazzling Flash           Conj/Hex       0%         N/A       100%        3
 Ignite Poison            Fire/Tmut/Pois 0%         N/A       100%        3
 Inner Flame              Hex/Fire       0%         N/A       100%        3
 Summon Guardian Golem    Hex/Summ       0%         N/A       100%        3
 Tukima's Dance           Hex            0%         N/A       100%        3
 Flame Wave               Conj/Fire      0%         2d4       100%        4
 Passage of Golubria      Tloc           0%         N/A       100%        4
 Sticky Flame             Conj/Fire      0%         2d3       100%        4
 Summon Ice Beast         Ice/Summ       0%         N/A       100%        4
 Agony                    Necr           0%         N/A       100%        5
 Silence                  Hex/Air        0%         N/A       100%        5
 Summon Mana Viper        Hex/Summ       0%         N/A       100%        5
 Yara's Violent Unravell  Hex/Tmut       0%         3d3       100%        5
 Monstrous Menagerie      Summ           0%         N/A       100%        7


Dungeon Overview and Level Annotations

Branches:
Dungeon (9/15)             Temple (1/1) D:7
   Lair: D:8-11         Orc: D:9-12

Altars:
Ashenzari
Cheibriados
Dithmenos
Fedhas
Gozag
Hepliaklqana
Kikubaaqudgha
Makhleb
Nemelex Xobeh
Okawaru
Ru
Sif Muna
Trog
Uskayaw
Vehumet
Yredelemnul
Zin
The Shining One

Shops:
D:2 ?


Innate Abilities, Weirdness & Mutations

You are immune to sickness and miasma.
Your stone body is resilient. (AC +7)
You are immune to poison.
You resist negative energy. (rN+)
You are resistant to electric shocks. (rElec)
You are resistant to unholy torment.
You are immune to petrification.


Message History

The wyvern is almost dead.
You block the wyvern's attack. The wyvern bites you.
You closely miss the wyvern.
The wyvern is almost dead.
The wyvern bites you but does no damage.
You hit the wyvern.
The wyvern is almost dead.
The wyvern bites you.
You hit the wyvern but do no damage.
The wyvern is almost dead.
The wyvern bites you but does no damage.
The wyvern bites you!
* * * LOW HITPOINT WARNING * * *
You hit the wyvern but do no damage.
The wyvern is almost dead.
The wyvern bites you but does no damage.
You barely miss the wyvern.
The wyvern is almost dead.
The wyvern barely misses you.
The wyvern bites you but does no damage.
You closely miss the wyvern.
The wyvern is almost dead.
You block the wyvern's attack.
You closely miss the wyvern.
The wyvern is almost dead.
The wyvern barely misses you. You block the wyvern's attack.
You closely miss the wyvern.
The wyvern is almost dead.
The wyvern barely misses you.
You closely miss the wyvern.
The wyvern is almost dead.
The wyvern bites you!
* * * LOW HITPOINT WARNING * * *
You are confused.
You feel invigorated. The wyvern bites you!
* * * LOW HITPOINT WARNING * * *
The wyvern closely misses you. The wyvern attacks as you move away!
The wyvern bites you.
You die...
Your body crumbles into a pile of gold.

.###..##.##.###..............#
#
#.#.#.##........##############
# ##)##.......###.# #
##############.# #......#
#.###..# ### ##.###..# ...##
#........##.....#
.........@l......
#.#.###..##.....# # # #...
...## # ...... ### # ......# #
#####.## ## #.# #. #. #. ##


You could see a wyvern.

Vanquished Creatures
  A two-headed ogre (D:9)
  A troll (D:9)
  2 wyverns
  8 yaks
  A steam dragon (D:8)
  A water moccasin (D:5)
  An orc warrior (D:9)
  4 black bears
  4 ice beasts
  3 sky beasts
  An ogre (D:5)
  A centaur (D:8)
  A kobold brigand (D:7)
  A bullfrog (D:7)
  2 necrophages (D:4)
  3 scorpions
  4 wights (D:8)
  5 killer bees (D:8)
  A howler monkey (D:8)
  5 jellies
  An orc priest (D:8)
  A hound (D:5)
  2 orc wizards
  2 iguanas
  Natasha (thrice) (D:3)
  A hound skeleton (D:4)
  12 adders
  4 gnolls
  2 white imps
  3 ufetubi
  A worm (D:4)
  2 dart slugs
  19 orcs
  3 bats
  5 endoplasms
  8 hobgoblins
  6 jackals
  13 kobolds
  8 quokkas
  8 ball pythons
  4 frilled lizards
  8 goblins
  5 rats
171 creatures vanquished.

Vanquished Creatures (others)
  2 orcs (D:8)
  5 fungi (D:1)
7 creatures vanquished.

Grand Total: 178 creatures vanquished

Notes
Turn   | Place    | Note
-------+----------+-------------------------------------------
     0 | D:1      | Dorkslayer the Gargoyle Fighter began the quest for the
                  | Orb.
     0 | D:1      | Reached XP level 1. HP: 14/14 MP: 1/1
   398 | D:1      | Reached XP level 2. HP: 16/19 MP: 2/2
   536 | D:1      | Found a faded altar of an unknown god.
   818 | D:2      | Reached skill level 2 in Long Blades
   818 | D:2      | Reached XP level 3. HP: 19/24 MP: 3/3
   818 | D:2      | Found Qaigom Cua's Magic Scroll Emporium.
   838 | D:2      | Bought a scroll of identify for 24 gold pieces
  1728 | D:3      | Found a blossoming altar of Fedhas.
  1859 | D:3      | Reached XP level 4. HP: 29/29 MP: 4/4
  2299 | D:3      | Found an iron altar of Okawaru.
  2299 | D:3      | Found a bloodstained altar of Trog.
  2508 | D:3      | Noticed Natasha
  2521 | D:3      | Killed Natasha
  2522 | D:3      | Reached skill level 3 in Long Blades
  2522 | D:3      | Reached XP level 5. HP: 22/33 MP: 5/5
  3068 | D:3      | Noticed Natasha
  3081 | D:3      | Killed Natasha
  3082 | D:3      | Reached skill level 1 in Throwing
  3195 | D:3      | Noticed Natasha
  3207 | D:3      | Killed Natasha
  3279 | D:4      | Reached XP level 6. HP: 32/38 MP: 6/6
  4132 | D:4      | Found a burning altar of Makhleb.
  4139 | D:4      | Reached skill level 4 in Long Blades
  4139 | D:4      | Reached skill level 1 in Dodging
  4331 | D:5      | Entered Level 5 of the Dungeon
  4372 | D:5      | Reached XP level 7. HP: 33/44 MP: 7/7
  4935 | D:5      | Reached skill level 5 in Armour
  4935 | D:5      | Reached skill level 1 in Evocations
  4943 | D:5      | Reached skill level 5 in Long Blades
  4943 | D:5      | Reached XP level 8. HP: 27/48 MP: 8/8
  5721 | D:5      | Reached skill level 5 in Fighting
  6910 | D:6      | Reached skill level 6 in Long Blades
  7090 | D:7      | Noticed a wyvern
  7102 | D:7      | Killed a wyvern
  7103 | D:7      | Reached XP level 9. HP: 9/54 MP: 9/9
  8146 | D:7      | Found a staircase to the Ecumenical Temple.
  8156 | Temple   | Entered the Ecumenical Temple
  8195 | Temple   | Became a worshipper of Gozag Ym Sagoz the Greedy
  8942 | D:8      | Reached skill level 7 in Long Blades
  8942 | D:8      | Reached skill level 5 in Shields
  8965 | D:8      | Reached XP level 10. HP: 33/63 MP: 10/10
  9422 | D:8      | Found an ancient bone altar of Kikubaaqudgha.
 10447 | D:9      | Identified a scroll of acquirement
 10448 | D:9      | Acquired a manual of Long Blades
 10592 | D:9      | Reached skill level 8 in Long Blades
 10868 | D:9      | Noticed a two-headed ogre
 10873 | D:9      | Killed a two-headed ogre
 11169 | D:9      | HP: 2/64 [wyvern (9)]
 11170 | D:9      | Slain by a wyvern

Illustrated notes

Levels and vault maps discovered:
D:1:      onia_arrival_pyramid, layout_loops_ring,
          shapermc_ecumenical_altar_ellora
D:2:      layout_basic, serial_shops, nicolae_shop_statue_plus
D:3:      layout_loops_corners, fedhas_ov_isle_minmay,
          grunt_temple_overflow_bloody_war, uniq_natasha
D:4:      layout_loops_ring, makhleb_blood_cavern_becter, serial_bayou_pond_e
D:5:      layout_layer_cave, kennysheep_big_empty_room, minmay_misc_feat_room,
          nicolae_zen_rock_garden
D:6:      layout_basic, nicolae_figureground_sparkle
D:7:      layout_loops_corners, minmay_temple_entry_antechambers
D:8:      layout_loops_ring, mainiacjoe_overflow_six_doors_small
D:9:      layout_loops_corners, elyvilon_altar_5, erik_orc_1, uniq_maggie
Temple:   nicolae_temple_bog_church

Skill      XL: |  1  2  3  4  5  6  7  8  9 10 |
---------------+-------------------------------+-----
Long Blades    | 2 3 4 5 6 7 8 |  8.9
Armour         | 4 5 6 7 |  7.5
Fighting       | 4 5 7 |  7.8
Throwing       | 1 2 3 |  3.5
Dodging        | 1 2 |  2.3
Shields        | 4 5 6 |  6.3
Evocations     | 1 3 4 |  4.9
Stealth        | |  0.5

Action                   |  1- 3 |  4- 6 |  7- 9 | 10-12 || total
-------------------------+-------+-------+-------+-------++-------
Melee: Long sword        |    14 |       |       |   103 ||   117
       Falchion          |   112 |   247 |   508 |   108 ||   975
Throw: Throwing net      |       |       |     1 |     1 ||     2
       Boomerang         |       |       |       |     1 ||     1
Evoke: Wand              |       |       |     3 |     2 ||     5
  Use: Scroll            |     4 |     2 |     8 |     4 ||    18
       Potion            |       |     1 |     2 |     1 ||     4
 Stab: Held in net/web   |       |       |       |     1 ||     1
Armor: Scale mail        |    72 |    43 |       |       ||   115
       Chain mail        |       |   116 |   347 |   123 ||   586
Dodge: Dodged            |    56 |    93 |   168 |    71 ||   388
Block: Buckler           |    18 |    58 |   101 |    49 ||   226
